 Dungeon Crawl Stone Soup version 0.31-a0-366-ga77b45bd9b (webtiles) character file.

Game seed: 1902948383513702371

19740 Bnni the Skirmisher (level 12, -11/101 HPs)
             Began as a White Draconian Hunter on July 28, 2023.
             Was a Priest of Hepliaklqana.
             Mangled by a boulder beetle (43 damage)
             ... on level 13 of the Dungeon.
             The game lasted 00:22:31 (10962 turns).

Bnni the Skirmisher (White Draconian Hunter)       Turns: 10962, Time: 00:22:32

Health: -11/101    AC:  8    Str: 13    XL:     12   Next: 39%
Magic:  18/18      EV: 13    Int:  9    God:    Hepliaklqana [***...]
Gold:   611        SH:  0    Dex: 27    Spells: 9/11 levels left

rFire   . . .        A - +0 longbow
rCold   + + .        (shield currently unavailable)
rNeg    . . .        (body armour unavailable)
rPois   .            (helmet restricted)
rElec   .            (no cloak)
rCorr   .            (no gloves)
SInv    .            (no boots)
Will    .....        (no amulet)
Stlth   ++           f - +6 ring of dexterity
HPRegen 0.36/turn    E - ring of protection from cold
MPRegen 0.16/turn

%: no passive effects
@: short of breath
A: reduced essence, breathe frost, AC +8, unfitting armour, cold resistance 1,
cold-blooded
a: Breathe Frost, Renounce Religion, Recall Ancestor, Ancestor Identity,
Transference


You were on level 13 of the Dungeon.
You worshipped Hepliaklqana.
Hepliaklqana was most pleased with you.
You visited 1 branch of the dungeon, and saw 13 of its levels.

You collected 880 gold pieces.
You spent 269 gold pieces at shops.

Inventory:

Hand Weapons
 A - a +0 longbow (weapon)
Missiles
 s - 35 poisoned darts
 F - a curare-tipped dart
 I - a boomerang of dispersal
Armour
 B - a +0 buckler
Jewellery
 f - a +6 ring of dexterity (left hand)
 E - a ring of protection from cold (right hand)
Wands
 t - a wand of flame (49)
 x - a wand of iceblast (20)
 y - a wand of digging (7)
 G - a wand of polymorph (7)
 J - a wand of light (6)
Scrolls
 a - 2 scrolls of noise {unknown}
 b - 2 scrolls of butterflies
 h - a scroll of enchant weapon {unknown}
 i - 5 scrolls of teleportation
 j - a scroll of acquirement {unknown}
 k - 4 scrolls of fog
 l - 2 scrolls of poison
 n - 5 scrolls of blinking
 q - 3 scrolls of revelation
 r - a scroll of brand weapon {unknown}
 u - 2 scrolls of enchant armour {unknown}
 C - 4 scrolls of fear
 D - 2 scrolls of immolation {unknown}
Potions
 c - 3 potions of enlightenment
 d - 3 potions of haste
 e - 3 potions of attraction
 g - 2 potions of lignification
 m - 4 potions of heal wounds
 o - 6 potions of curing
 p - a potion of brilliance {unknown}
 v - 4 potions of mutation
 w - 3 potions of might
 z - 2 potions of magic {unknown}
 H - a potion of berserk rage {unknown}
 K - a potion of cancellation {unknown}


   Skills:
 + Level 12.3 Fighting
 * Level 14.6 Ranged Weapons
 - Level 1.7 Dodging
 - Level 0.8 Stealth
 + Level 9.0 Invocations


You had 9 spell levels left.
You knew the following spells:

 Your Spells              Type           Power      Damage    Failure   Level
w - Wereblood             Tmut           0%         N/A       52%         2

Your spell library contained the following spells:

 Spells                   Type           Power      Damage    Failure   Level
 Ignite Poison            Fire/Tmut/Pois 0%         N/A       77%         3
 Animate Dead             Necr           0%         N/A       99%         4
 Cause Fear               Hex            0%         N/A       99%         4
 Sticky Flame             Conj/Fire      0%         2d3       99%         4
 Fireball                 Conj/Fire      0%         3d3       100%        5
 Irradiate                Conj/Tmut      0%         3d11      100%        5
 Haunt                    Necr/Summ      0%         N/A       100%        7
 Ignition                 Fire           0%         3d3       100%        8
 Infestation              Necr           0%         N/A       100%        8
 Dragon's Call            Summ           0%         N/A       100%        9


Dungeon Overview and Level Annotations

Branches:
Dungeon (13/15)            Temple (0/1) D:7            Lair (0/5) D:8
    Orc (0/2) D:9
 Vaults: D:13-14

Altars:
Dithmenos
Elyvilon
Fedhas
Gozag
Hepliaklqana
Makhleb
Nemelex Xobeh
Ru
The Shining One

Shops:
D:6 [?*


Innate Abilities, Weirdness & Mutations

Your life essence is reduced to manifest your ancestor. (-10% HP)
You can breathe waves of freezing cold which knock back foes.
Your icy white scales are hard. (AC +8)
You cannot fit into any form of body armour.
Your flesh is cold resistant. (rC+)
You are cold-blooded and may be slowed by cold attacks.


Message History

You are too injured to fight recklessly!
Fire: A) +0 longbow
Press: ? - help, Shift-Dir - straight line, f/p - centaur warrior
Aim: a centaur warrior, wielding a +0 shortbow (severely wounded, ally target, 78% to hit)
You shoot an arrow. Tankster McGee avoids your attack.
The arrow completely misses the centaur warrior.
The boulder beetle curls into a ball and begins rolling!
The centaur shoots an arrow.
The arrow misses you.
The centaur warrior shoots an arrow.
Tankster McGee blocks the arrow.
Unknown command.
Fire: A) +0 longbow
Press: ? - help, Shift-Dir - straight line, f/p - centaur warrior
Aim: a centaur warrior, wielding a +0 shortbow (severely wounded, ally target, 78% to hit)
You shoot an arrow. Tankster McGee avoids your attack.
The arrow hits the centaur warrior.
The centaur warrior is almost dead.
The centaur shoots an arrow.
The arrow hits you.
The centaur warrior shoots an arrow.
Tankster McGee blocks the arrow.
Tankster McGee barely misses the centaur warrior.
The centaur shoots an arrow.
The arrow misses you.
The centaur warrior unwields a +0 shortbow.
The centaur warrior hits Tankster McGee.
Tankster McGee blocks the centaur warrior's attack.
The centaur warrior wields a +0 shortbow.
The centaur warrior shoots an arrow.
Tankster McGee blocks the arrow.
Tankster McGee hits the centaur warrior with a +0 flail!
The centaur warrior dies!
Your Invocations skill increases to level 9!
Unknown command.
The centaur shoots an arrow.
The arrow hits you.
There is a stone staircase leading up here.
Unknown command.
Okay, then.
Aiming: Breathe Frost (2% risk of failure)
Press: ? - help, Shift-Dir - straight line, f - boulder beetle
Aim: a boulder beetle (rolling, 100% to hit)
You exhale a wave of freezing cold.
The freezing breath hits the boulder beetle but does no damage.
The boulder beetle hits you!!!
You die...

### ##
#####..#########
##.
.....°B@.......#
#..
....°Rc..!.....#
#..
...)...........#
#..
..(####.##....##
##. ..
#####....#########.
.
#........'.........
#........#.........
#........#.........
#........#.........


You could see the friendly Tankster McGee the knight, a boulder beetle (rolling)
and a centaur (ally target).

Vanquished Creatures
  4 two-headed ogres
  3 boulder beetles (D:13)
  Urug (D:11)
  2 deep elf pyromancers
  3 gargoyles
  A kobold demonologist (D:10)
  A komodo dragon (D:11)
  4 trolls
  Grinder (D:6)
  A hornet (D:9)
  6 slime creatures (D:12)
  8 yaks
  A shadow (D:10)
  A wraith (D:12)
  Eustachio (D:6)
  A steam dragon (D:8)
  3 vampire mosquitoes (D:13)
  An acid dragon (D:11)
  7 orc warriors
  2 black bears (D:6)
  4 ice beasts
  A phantom (D:6)
  7 centaurs
  5 kobold brigands
  3 bullfrogs
  A gnoll sergeant (D:7)
  3 scorpions
  15 wights
  6 killer bees (D:8)
  An electric eel (D:10)
  2 howler monkeys
  4 hounds
  7 orc priests
  A gnoll bouda (D:6)
  2 jellies
  A sleepcap (D:6)
  4 iguanas
  7 orc wizards
  Natasha (thrice) (D:2)
  15 gnolls
  11 adders
  A white imp (D:5)
  A worm (D:2)
  3 dart slugs
  34 orcs
  8 ball pythons
  7 endoplasms
  2 giant cockroaches
  3 goblins
  10 hobgoblins
  5 jackals
  27 kobolds
  3 quokkas
  3 bats
  A frilled lizard (D:2)
  3 rats
266 creatures vanquished.

Vanquished Creatures (collateral kills)
  2 boulder beetles (D:12)
  A centaur warrior (D:13)
  A two-headed ogre (D:12)
  A cyclops (D:11)
  2 yaks
  2 orc wizards
  3 orcs
  4 kobolds (D:9)
16 creatures vanquished.

Vanquished Creatures (others)
  5 ancestors
  8 knights
  An orc wizard (D:9)
14 creatures vanquished.

Grand Total: 296 creatures vanquished

Notes
Turn   | Place    | Note
-------+----------+-------------------------------------------
     0 | D:1      | Bnni the Draconian Hunter began the quest for the Orb.
     0 | D:1      | Reached XP level 1. HP: 17/17 MP: 1/1
     7 | D:1      | Noticed a scorpion
     7 | D:1      | Noticed a snapping turtle
     7 | D:1      | Noticed a rime drake
     8 | D:1      | Noticed a lindwurm
     8 | D:1      | Noticed a salamander
   156 | D:1      | Found a faded altar of an unknown god.
   226 | D:1      | Reached XP level 2. HP: 25/25 MP: 2/2
   273 | D:1      | Reached skill level 4 in Ranged Weapons
  1084 | D:2      | Reached XP level 3. HP: 30/30 MP: 3/3
  1563 | D:2      | Reached XP level 4. HP: 9/38 MP: 4/4
  1575 | D:2      | Noticed Natasha
  1622 | D:2      | Killed Natasha
  1764 | D:2      | Noticed Natasha
  1774 | D:2      | Killed Natasha
  1775 | D:2      | Reached skill level 5 in Ranged Weapons
  1796 | D:2      | Noticed Natasha
  1800 | D:2      | Killed Natasha
  1801 | D:2      | Reached XP level 5. HP: 46/46 MP: 5/5
  2442 | D:4      | Reached XP level 6. HP: 37/53 MP: 6/6
  2621 | D:4      | Reached skill level 6 in Ranged Weapons
  2769 | D:4      | Reached skill level 5 in Fighting
  2965 | D:5      | Entered Level 5 of the Dungeon
  2969 | D:5      | Your scales start taking on an icy white colour.
  2969 | D:5      | Reached XP level 7. HP: 56/61 MP: 7/7
  2969 | D:5      | Gained mutation: Your flesh is cold resistant. (rC+) [White
                  | Draconian growth]
  3398 | D:5      | Reached skill level 7 in Ranged Weapons
  3731 | D:6      | Found a transporter.
  3731 | D:6      | Found Horor's General Store.
  3744 | D:6      | Found Keimus's Magic Scroll Shoppe.
  3846 | D:6      | Reached XP level 8. HP: 55/70 MP: 8/8
  3900 | D:6      | Bought a scroll of identify for 22 gold pieces
  3900 | D:6      | Bought a scroll of blinking for 82 gold pieces
  3930 | D:6      | Noticed Eustachio
  3944 | D:6      | Reached skill level 8 in Ranged Weapons
  3956 | D:6      | Killed Eustachio
  4031 | D:6      | Found Lilung's Antique Armour Boutique.
  4184 | D:6      | Reached skill level 9 in Ranged Weapons
  4200 | D:6      | Found an opulent altar of Gozag.
  4308 | D:6      | Noticed Grinder
  4309 | D:6      | Paralysed by Grinder for 2 turns
  4323 | D:6      | Killed Grinder
  4413 | D:6      | Found a sacrificial altar of Ru.
  4446 | D:6      | You fall into a shaft and drop 3 floors!
  4499 | D:9      | Found a burning altar of Makhleb.
  4549 | D:9      | Reached XP level 9. HP: 75/81 MP: 9/9
  4884 | D:7      | Reached skill level 10 in Ranged Weapons
  4967 | D:7      | Found a hazy altar of Hepliaklqana.
  4984 | D:7      | Became a worshipper of Hepliaklqana the Forgotten
  5127 | D:6      | Found a transporter.
  5212 | D:6      | Found a glowing golden altar of the Shining One.
  5238 | D:6      | Learned a level 2 spell: Wereblood
  5288 | D:6      | Bought a potion of heal wounds for 50 gold pieces
  5288 | D:6      | Bought a scroll of fear for 40 gold pieces
  5288 | D:6      | Bought a scroll of revelation for 75 gold pieces
  5343 | D:7      | Reached skill level 1 in Invocations
  5484 | D:7      | Found a sparkling altar of Nemelex Xobeh.
  5484 | D:7      | Found a blossoming altar of Fedhas.
  5619 | D:7      | Found a shadowy altar of Dithmenos.
  5692 | D:7      | Found a staircase to the Ecumenical Temple.
  5929 | D:8      | Noticed a two-headed ogre
  5936 | D:8      | Noticed a two-headed ogre
  5937 | D:8      | Killed a two-headed ogre
  5938 | D:8      | Reached skill level 11 in Ranged Weapons
  5947 | D:8      | Killed a two-headed ogre
  5948 | D:8      | Reached XP level 10. HP: 78/91 MP: 12/12
  6180 | D:8      | Reached * piety under Hepliaklqana
  6406 | D:8      | Found a staircase to the Lair.
  6650 | D:9      | Reached skill level 10 in Fighting
  6650 | D:9      | Reached skill level 5 in Invocations
  6687 | D:9      | Reached skill level 12 in Ranged Weapons
  6956 | D:9      | Found a staircase to the Orcish Mines.
  7132 | D:10     | Entered Level 10 of the Dungeon
  7134 | D:10     | Noticed a two-headed ogre
  7139 | D:10     | Killed a two-headed ogre
  7143 | D:10     | Noticed a gargoyle
  7153 | D:10     | Killed a gargoyle
  7182 | D:10     | Reached XP level 11. HP: 71/90 MP: 15/15
  7773 | D:10     | Found a white marble altar of Elyvilon.
  7993 | D:10     | Noticed a deep elf pyromancer
  7997 | D:10     | Killed a deep elf pyromancer
  8262 | D:11     | Reached skill level 13 in Ranged Weapons
  8495 | D:11     | Noticed Urug
  8500 | D:11     | Killed Urug
  8517 | D:11     | Noticed a two-headed ogre
  8520 | D:11     | Killed a two-headed ogre
  8640 | D:11     | Reached ** piety under Hepliaklqana
  8641 | D:11     | Remembered your ancestor Tankster McGee as a knight
  9020 | D:12     | Noticed a two-headed ogre
  9027 | D:12     | Killed a two-headed ogre
  9562 | D:12     | Noticed a boulder beetle
  9570 | D:12     | Killed a boulder beetle
  9795 | D:12     | Noticed a boulder beetle
  9812 | D:12     | Killed a boulder beetle
  9813 | D:12     | Reached skill level 14 in Ranged Weapons
  9813 | D:12     | Reached XP level 12. HP: 48/100 MP: 18/18
 10204 | D:12     | Found a hazy altar of Hepliaklqana.
 10423 | D:13     | Noticed a boulder beetle
 10438 | D:13     | Killed a boulder beetle
 10487 | D:13     | Reached *** piety under Hepliaklqana
 10533 | D:13     | Noticed a boulder beetle
 10557 | D:13     | Killed a boulder beetle
 10598 | D:13     | Noticed a boulder beetle
 10630 | D:13     | Killed a boulder beetle
 10717 | D:13     | Noticed a centaur warrior
 10955 | D:13     | Noticed a boulder beetle
 10960 | D:13     | Killed a centaur warrior
 10962 | D:13     | Mangled by a boulder beetle

Illustrated notes

Levels and vault maps discovered:
D:1:      onia_arrival_zoo_common, layout_basic,
          chequers_ecumenical_altar_simple_redux, hex_large,
          chequers_serial_rivers_large_b
D:2:      layout_rooms, serial_glass, glass_columns_a, glass_columns_a,
          minmay_misc_feat_iff, due_unseen_surprise, uniq_natasha
D:3:      wad_lake_hut, layout_rooms, chequers_serial_rivers_small_b
D:4:      layout_basic
D:5:      layout_cave_pods
D:6:      layout_basic, nicolae_ru_path_of_blood, tso_oasis_becter,
          nicolae_gozag_cash_rules_everything_around_me, serial_shops,
          nicolae_shop_tiny_glass, nicolae_shop_drivethru, shop, uniq_grinder,
          uniq_eustachio
D:7:      layout_rooms, mainiacjoe_overflow_surrounded_room,
          mainiacjoe_overflow_alcove_1, gammafunk_temple_overflow_wave,
          minmay_temple_entry_gardened_gates, grunt_ministairs_14,
          minmay_misc_feat_plants
D:8:      layout_basic, lair_entry_dummy
D:9:      layout_basic, lightli_temple_of_fire, minmay_orc_entry_temple_small
D:10:     layout_big_octagon, kennysheep_little_box, kennysheep_generic_room_16
D:11:     layout_long_grid, uniq_urug
D:12:     layout_roguey, nicolae_hepliaklqana_hippocampus
D:13:     layout_gridville

Skill      XL: |  1  2  3  4  5  6  7  8  9 10 11 12 |
---------------+-------------------------------------+-----
Ranged Weapons | 4 5 6 7 9 11 12 14 | 14.6
Fighting       | 3 4 5 6 7 9 10 11 12 | 12.3
Invocations    | 3 6 8 9 |  9.0
Dodging        | |  1.7
Stealth        | |  0.8

Action                     |  1- 3 |  4- 6 |  7- 9 | 10-12 || total
---------------------------+-------+-------+-------+-------++-------
   Fire: Shortbow          |   132 |     6 |       |       ||   138
         Orcbow            |       |   103 |   246 |       ||   349
         Longbow           |       |       |    74 |   477 ||   551
  Throw: Throwing net      |       |       |     1 |       ||     1
         Dart              |       |       |       |    15 ||    15
 Invoke: Ancestor Identity |       |       |       |     1 ||     1
         Ancestor Life: Kn |       |       |       |     1 ||     1
Ability: Breathe Frost     |       |       |     5 |     8 ||    13
    Use: Potion            |     4 |       |     2 |       ||     6
         Scroll            |       |     2 |     6 |     1 ||     9
 Armour: Skin              |    41 |    12 |    38 |    50 ||   141
  Dodge: Dodged            |    49 |    21 |    69 |   114 ||   253

Table legend: (Time is in decaauts)
 A = Elapsed time spent in this place.
 B = Non-inter-level travel time spent in this place.
 C = Inter-level travel time spent in this place.
 D = Time resting spent in this place.
 E = Time spent auto-exploring this place.
 F = Levels seen in this place.
 G = Mean time per level.
                   A        B        C        D        E       F      G
               +--------+--------+--------+--------+--------+-----+--------+
         Total |  11149 |  10700 |    449 |   1239 |   7524 |  13 |  857.6 |
       Dungeon |  11149 |  10700 |    449 |   1239 |   7524 |  13 |  857.6 |
               +--------+--------+--------+--------+--------+-----+--------+

Top non-repeatable levels by time:
    D:12: 1389 daAuts
    D:10: 1128 daAuts
     D:1: 1118 daAuts
     D:6: 964 daAuts
     D:8: 894 daAuts
     D:9: 887 daAuts
     D:5: 770 daAuts
    D:11: 769 daAuts
     D:2: 746 daAuts
     D:7: 704 daAuts
     D:3: 630 daAuts
     D:4: 592 daAuts
    D:13: 552 daAuts
